 Dungeon Crawl Stone Soup version 0.31-a0-557-g6e16503903 (webtiles) character file.

Game seed: 4320361730880962820

312 randomguy2701 the Grave Robber (level 6, -1/32 HPs)
             Began as a Deep Elf Necromancer on Aug 16, 2023.
             Slain by an ufetubus (4 damage)
             ... on level 3 of the Dungeon.
             The game lasted 00:04:11 (2771 turns).

randomguy2701 the Grave Robber (DENe)               Turns: 2771, Time: 00:04:11

Health: -1/32      AC:  2    Str:  5    XL:     6   Next: 18%
Magic:  17/17      EV: 13    Int: 22    God:
Gold:   191        SH:  0    Dex: 21    Spells: 13/17 levels left

rFire   . . .        n - staff of death
rCold   . . .        (no shield)
rNeg    + . .        a - +0 robe
rPois   .            (no helmet)
rElec   .            d - scarf {shadows}
rCorr   .            (no gloves)
SInv    .            (no boots)
Will    .....        (no amulet)
Stlth   +++          f - +6 ring of dexterity
HPRegen 0.25/turn    (no ring)
MPRegen 0.15/turn

%: no passive effects
@: about to teleport
A: no striking features
a: no special abilities


You were on level 3 of the Dungeon.
You visited 1 branch of the dungeon, and saw 4 of its levels.

You collected 191 gold pieces.

Inventory:

Armour
 a - a +0 robe (worn)
 d - a scarf of shadows (worn)
Magical Staves
 n - a staff of death (weapon)
Jewellery
 f - a +6 ring of dexterity (left hand)
 i - an amulet of faith
Scrolls
 e - 7 scrolls of identify {unknown}
 h - 2 scrolls of teleportation
 o - a scroll of torment {unknown}
 p - 2 scrolls of vulnerability {unknown}
 q - a scroll of enchant weapon {unknown}
 r - a scroll of silence {unknown}
 s - a scroll of fog {unknown}
 t - a scroll of revelation {unknown}
 u - a scroll of brand weapon {unknown}
Potions
 b - a potion of magic
 c - 2 potions of might {unknown}
 g - a potion of lignification {unknown}
 k - 2 potions of enlightenment {unknown}
 l - a potion of heal wounds {unknown}
 m - a potion of resistance {unknown}


   Skills:
 - Level 0.1 Fighting
 + Level 2.5 Dodging
 + Level 2.8 Stealth
 + Level 6.0 Spellcasting
 + Level 7.4 Necromancy


You had 13 spell levels left.
You knew the following spells:

 Your Spells              Type           Power      Damage    Failure   Level
a - Necrotise             Necr           100%       1d9       1%          1
b - Vampiric Draining     Necr           56%        2d10      1%          3

Your spell library contained the following spells:

 Spells                   Type           Power      Damage    Failure   Level
 Animate Dead             Necr           56%        N/A       4%          4
 Agony                    Necr           56%        N/A       12%         5


Dungeon Overview and Level Annotations

Branches:
Dungeon (4/15)
 Temple: D:4-7

Altars:
Dithmenos
Elyvilon
Kikubaaqudgha
Vehumet
Yredelemnul

Shops:
D:2 :

Annotations:
D:4 Sigmund


Message History

The ufetubus misses you. The ufetubus closely misses you. x2
The ufetubus hits you. x2
The ufetubus hits you. The ufetubus completely misses you.
The ufetubus attacks as you move away! The ufetubus hits you.
The ufetubus closely misses you. x2; The ufetubus barely misses you.
The ufetubus barely misses you. The ufetubus closely misses you.
There is a stone staircase leading up here.
The ufetubus hits you.
* * * LOW HITPOINT WARNING * * *
The ufetubus barely misses you.
You climb upwards.
Reactivating autopickup.
There is a stone staircase leading down here.
You feel better.
The ufetubus hits you but does no damage.
The ufetubus hits you. The ufetubus closely misses you. x2
Unknown command.
You hit the ufetubus.
The ufetubus is lightly wounded.
The ufetubus barely misses you. The ufetubus closely misses you.
The ufetubus hits you.
* * * LOW HITPOINT WARNING * * *
The ufetubus closely misses you.
You hit the ufetubus but do no damage.
The ufetubus is lightly wounded.
The ufetubus barely misses you. The ufetubus misses you. The ufetubus hits you.
* * * LOW HITPOINT WARNING * * *
The ufetubus hits you.
* * * LOW HITPOINT WARNING * * *
You feel better. The ufetubus hits you.
* * * LOW HITPOINT WARNING * * *
The ufetubus closely misses you.
As you read the scroll labelled QOIFIR XISECIHO, it crumbles to dust.
You feel strangely unstable.
It was a scroll of teleportation.
The ufetubus barely misses you. The ufetubus closely misses you.
The ufetubus hits you.
* * * LOW HITPOINT WARNING * * *
The ufetubus misses you. The ufetubus hits you.
You die...

#P#..#.P#..##
##≈≈≈≈≈≈≈≈≈≈≈≈
#.............
#.≈≈≈≈≈≈≈≈≈≈≈≈
#..#..#PP#..##
#..P.P.P.P..##
##.#########.#
######..########..##
#.>@................
#.5.#...............
#...##############.#
#...# #.. #...# ###
#...# #...# #...# ##
#...# ###.


You could see an ufetubus.

Vanquished Creatures
  A hound (D:4)
  Jessica (D:2)
  3 orc wizards
  Terence (D:2)
  An adder (D:4)
  A dart slug (D:1)
  6 orcs
  5 ball pythons (D:1)
  10 endoplasms
  4 giant cockroaches
  13 goblins
  8 hobgoblins
  4 quokkas
  4 bats
  A frilled lizard (D:2)
  2 kobolds
  2 rats (D:1)
67 creatures vanquished.

Vanquished Creatures (collateral kills)
  A scorpion (D:4)
  A ball python (D:1)
  An endoplasm (D:1)
  A goblin (D:1)
  2 frilled lizards
6 creatures vanquished.

Grand Total: 73 creatures vanquished

Notes
Turn   | Place    | Note
-------+----------+-------------------------------------------
     0 | D:1      | randomguy2701 the Deep Elf Necromancer began the quest for
                  | the Orb.
     0 | D:1      | Reached XP level 1. HP: 10/10 MP: 6/6
    31 | D:1      | Reached skill level 5 in Necromancy
   171 | D:1      | Reached XP level 2. HP: 15/15 MP: 5/8
   447 | D:1      | Reached XP level 3. HP: 18/19 MP: 5/9
   720 | D:2      | Noticed Jessica
   732 | D:2      | Killed Jessica
   733 | D:2      | Reached skill level 6 in Necromancy
   744 | D:2      | Learned a level 3 spell: Vampiric Draining
   824 | D:2      | Reached XP level 4. HP: 24/24 MP: 10/12
   985 | D:2      | Noticed Terence
   990 | D:2      | Killed Terence
  1065 | D:2      | Found Neillawo's Book Shop.
  1455 | D:3      | Reached XP level 5. HP: 18/28 MP: 7/14
  1689 | D:3      | Found a basalt altar of Yredelemnul.
  1713 | D:3      | Reached skill level 5 in Spellcasting
  1750 | D:3      | Found a shadowy altar of Dithmenos.
  1750 | D:3      | Found a radiant altar of Vehumet.
  1937 | D:3      | Found a white marble altar of Elyvilon.
  2389 | D:4      | Reached skill level 7 in Necromancy
  2488 | D:4      | Found an ancient bone altar of Kikubaaqudgha.
  2547 | D:4      | Reached XP level 6. HP: 21/32 MP: 0/17
  2751 | D:4      | Noticed Sigmund
  2768 | D:3      | HP: 1/32 [ufetubus (5)]
  2771 | D:3      | Slain by an ufetubus

Illustrated notes

Levels and vault maps discovered:
D:1:      moated_graveyard_arrival, layout_rooms, minmay_shallow_snake_nest
D:2:      layout_rooms, serial_shops, nicolae_book_shop_shelving, uniq_terence,
          uniq_jessica
D:3:      layout_basic, mainiacjoe_overflow_brackets,
          nicolae_elyvilon_temple_path, gammafunk_temple_overflow_wave,
          kennysheep_boxes
D:4:      minmay_octagon_keep, layout_loops_cross, kiku_gazebo_pond_becter,
          hangedman_abyss_or_decor_stabs, uniq_sigmund

Skill      XL: |  1  2  3  4  5 |
---------------+----------------+-----
Necromancy     | 5 6 7 |  7.4
Spellcasting   | 4 6 |  6.0
Fighting       | |  0.1
Dodging        | |  2.5
Stealth        | |  2.8

Action                     |  1- 3 |  4- 6 || total
---------------------------+-------+-------++-------
  Melee: Staff             |       |     7 ||     7
   Cast: Necrotise         |    52 |    81 ||   133
    Use: Potion            |       |     3 ||     3
         Scroll            |       |     1 ||     1
 Armour: Robe              |     1 |     4 ||     5
  Dodge: Dodged            |     6 |    44 ||    50

Table legend: (Time is in decaauts)
 A = Elapsed time spent in this place.
 B = Non-inter-level travel time spent in this place.
 C = Inter-level travel time spent in this place.
 D = Time resting spent in this place.
 E = Time spent auto-exploring this place.
 F = Levels seen in this place.
 G = Mean time per level.
                   A        B        C        D        E       F      G
               +--------+--------+--------+--------+--------+-----+--------+
         Total |   2771 |   2712 |     59 |      0 |   2343 |   4 |  692.8 |
       Dungeon |   2771 |   2712 |     59 |      0 |   2343 |   4 |  692.8 |
               +--------+--------+--------+--------+--------+-----+--------+

Top non-repeatable levels by time:
     D:3: 848 daAuts
     D:1: 715 daAuts
     D:2: 634 daAuts
     D:4: 573 daAuts
